 Dungeon Crawl Stone Soup version 0.30.1-1-g62c8e00024 (webtiles) character file.

Game seed: 12253373400853892011

221 monsoonserge the Magician (level 6, -3/40 HPs)
             Began as a Djinni Fire Elementalist on July 17, 2023.
             Engulfed by a cloud of flame (7 damage)
             ... on level 3 of the Dungeon.
             The game lasted 00:05:48 (1245 turns).

monsoonserge the Magician (DjFE)                    Turns: 1245, Time: 00:05:49

Health: -3/40      AC:  4    Str:  7    XL:     6   Next: 19%
Gold:   75         EV: 12    Int: 18    God:
                   SH:  0    Dex: 14

rFire   + + .        j - +0 short sword
rCold   x . .        (no shield)
rNeg    . . .        a - +0 robe
rPois   ∞            (no helmet)
rElec   .            (no cloak)
rCorr   .            h - +1 pair of gloves
SInv    .            (boots unavailable)
Will    .....        (no amulet)
Stlth   ++           (no ring)
HPRegen 0.26/turn    (no ring)
MPRegen 0.00/turn

%: infuse magic (-4 HP)
@: flying, very slightly contaminated
A: sickness immunity, fire resistance 2, cold vulnerability 1, float, innate
caster, HP casting, extra vitality 1
a: no special abilities


You were on level 3 of the Dungeon.
You visited 1 branch of the dungeon, and saw 3 of its levels.

You collected 75 gold pieces.

Inventory:

Hand Weapons
 j - a +0 short sword (weapon)
Missiles
 f - 3 boomerangs (quivered)
 m - 3 poisoned darts
 o - 2 boomerangs of dispersal
 p - 2 throwing nets
Armour
 a - a +0 robe (worn)
 c - a +0 ring mail
 h - a +1 pair of gloves (worn)
Wands
 n - a wand of digging (2)
Scrolls
 d - 4 scrolls of identify {unknown}
 e - 3 scrolls of enchant weapon {unknown}
 g - a scroll of noise {unknown}
 l - a scroll of fog {unknown}
 r - a scroll of vulnerability {unknown}
Potions
 b - a potion of magic {unknown}
 i - 2 potions of curing {unknown}
 k - a potion of resistance {unknown}
 q - a potion of heal wounds {unknown}


   Skills:
 + Level 2.5 Dodging
 + Level 1.8 Stealth
 * Level 4.8 Spellcasting


You knew the following spells:

 Your Spells              Type           Power      Damage    Failure   Level
a - Foxfire               Conj/Fire      84%        2x1d8     1%          1
b - Scorch                Fire           42%        2d7       2%          2
c - Volatile Blastmotes   Fire/Tloc      42%        2d13      5%          3
d - Inner Flame           Hex/Fire       21%        N/A       5%          3
e - Flame Wave            Conj/Fire      21%        2d8       19%         4
f - Beastly Appendage     Tmut           42%        N/A       1%          1
g - Searing Ray           Conj           42%        2d6       2%          2
Your spell library was empty.

Dungeon Overview and Level Annotations

Branches:
Dungeon (3/15)

Altars:

Annotations:
D:3 Terence


Innate Abilities, Weirdness & Mutations

You are immune to sickness and miasma.
You are immune to poison.
Your flesh is very heat resistant. (rF++)
You are vulnerable to cold. (rC-)
You float through the air rather than walking.
You learn spells naturally, not from books.
Your magical power is your life essence.
You have superior vitality. (+4 MHP)


Message History

Okay, then.
Casting: Flame Wave (quite dangerous; 19% risk of failure)
Confirm with . or Enter, or press ? or * to list all spells.
The spell is quite dangerous to miscast (19% risk of failure)!
Continue anyway? [Y]es or [N]o only, please.
The spell is quite dangerous to miscast (19% risk of failure)!
Continue anyway?
Casting: Flame Wave (quite dangerous; 19% risk of failure)
Press: ? - help, Dir - look around, f - activate You miscast Flame Wave.
You are very lightly contaminated with residual magic.
Sparks fly from your hands!
The foxfire hits the quokka.
You kill the quokka!
The foxfire hits Jessica.
Jessica is moderately wounded.
The orc hits you from afar with a +0 trident.
Jessica completely misses you.
The ball python bites you but does no damage.
The ball python grabs you. The ball python constricts you.
Casting: Flame Wave (quite dangerous; 19% risk of failure)
Confirm with . or Enter, or press ? or * to list all spells.
Okay, then.
Casting: Flame Wave (quite dangerous; 19% risk of failure)
Confirm with . or Enter, or press ? or * to list all spells.
The spell is quite dangerous to miscast (19% risk of failure)!
Continue anyway?
Casting: Flame Wave (quite dangerous; 19% risk of failure)
Press: ? - help, Dir - look around, f - activate A wave of flame ripples out!
The flame wave engulfs Jessica.
Jessica is severely wounded.
The flame wave engulfs the ball python! (Press . to intensify the flame waves.)
* * * LOW HITPOINT WARNING * * *
The ball python explodes!
The fiery explosion engulfs the orc!!!
You kill the orc!
The fiery explosion engulfs you! You resist.
* * * LOW HITPOINT WARNING * * *
The fiery explosion engulfs Jessica!!
You kill Jessica!
You are engulfed in blazing flames.
You resist.
You die...

#####
#########.#.#######
#..................
#.#######.#.#######
#.# #.#.# #.# #.#.#
######'##### #.#.#
#....)§@...# #.#.#
......§)§§..+ #.#.#
##..".K.....# #.#.#
#..........# #.#.#
#..........# #.#
#..........# #.#
... #...########
#†# .... #.## #.#
...##.# #.#


You could see a kobold.

Vanquished Creatures
  Pargi (D:3)
  Jessica (D:3)
  Ijyb (D:3)
  3 adders
  3 gnolls (D:3)
  2 orcs (D:3)
  2 bats (D:1)
  8 endoplasms
  6 goblins
  4 hobgoblins
  A quokka (D:3)
  5 ball pythons
  3 frilled lizards
  8 kobolds
  6 rats
54 creatures vanquished.

Vanquished Creatures (others)
  108 foxfires
108 creatures vanquished.

Grand Total: 162 creatures vanquished

Notes
Turn   | Place    | Note
-------+----------+-------------------------------------------
     0 | D:1      | monsoonserge the Djinni Fire Elementalist began the quest
                  | for the Orb.
     0 | D:1      | monsoonserge set off with the following spells memorised:
                  | Foxfire, Scorch, Volatile Blastmotes, Inner Flame, Flame
                  | Wave.
     0 | D:1      | Reached XP level 1. HP: 15/15 MP: 0/0
    64 | D:1      | Reached XP level 2. HP: 15/21 MP: 0/0
   214 | D:1      | Reached skill level 3 in Spellcasting
   277 | D:1      | Reached XP level 3. HP: 19/25 MP: 0/0
   277 | D:1      | Learned a level 1 spell: Beastly Appendage
   630 | D:2      | Reached XP level 4. HP: 24/31 MP: 0/0
   958 | D:3      | Noticed Terence
  1007 | D:3      | Noticed Pargi
  1011 | D:3      | Killed Pargi
  1012 | D:3      | Reached skill level 4 in Spellcasting
  1012 | D:3      | Reached XP level 5. HP: 26/35 MP: 0/0
  1012 | D:3      | Learned a level 2 spell: Searing Ray
  1039 | D:3      | Reached XP level 6. HP: 25/40 MP: 0/0
  1084 | D:3      | Noticed Ijyb
  1090 | D:3      | Killed Ijyb
  1240 | D:3      | Noticed Jessica
  1245 | D:3      | Killed Jessica
  1245 | D:3      | Engulfed by a cloud of flame

Illustrated notes

Levels and vault maps discovered:
D:1:      wander_arrival_estate, layout_rooms
D:2:      layout_basic, amcnicky_mini_pool_small
D:3:      layout_basic, uniq_pargi, uniq_ijyb, uniq_terence, uniq_jessica

Skill      XL: |  1  2  3  4 |
---------------+-------------+-----
Spellcasting   | 3 4 |  4.8
Dodging        | |  2.5
Stealth        | |  1.8

Action                     |  1- 3 |  4- 6 || total
---------------------------+-------+-------++-------
   Cast: Foxfire           |    37 |    25 ||    62
         Scorch            |    11 |    10 ||    21
         Inner Flame       |       |     2 ||     2
         Flame Wave        |       |     1 ||     1
 Armour: Robe              |     2 |     2 ||     4
  Dodge: Dodged            |     4 |     2 ||     6
